← All builds
Suicide front / Armada / Factory first / OBSERVED BUILD

Standard suicide front

Bot Lab first into Rocketeer/Centurion/Pawn to contest the middle early and hold until T2 arrives, the role's baseline play.

Usually lab first (62%)

#rush · 1185 distinct matches · 125 players · 71% of Armada Suicide front games · team won 60% of 1411 · Recently observed

HOW TO PLAY IT

Key timing: Bot Lab by 0:20

  1. Open with mex and wind, drop Bot Lab immediately.
  2. Push out first "Centurion" as Pond's boost lands.
  3. Send "Rocketeer", "Centurion", "Pawn" mix to contest middle.
  4. Add Dragon's Teeth and Sentries to hold the line.
  5. Get Advanced Metal Extractor up as T2 nears.

Phase by phase

TYPICAL OF ITS 1185 GAMES
  1. 1
  2. 2
  3. 3
PLAY THE OPENING

Follow the example game's first 6:00 step by step: what to build now, what comes next, and where it goes. At 1× it keeps pace with your own game.

  1. 1

    Bot Lab first

    Order
    1. Bot LabBot Lab done ~0:20, middle half 0:20–0:33

    Some games also: mex (37%)

  2. 2

    Bot Lab to 5:00

    Economy
    • Metal Extractor5Mex
    • Wind Turbine4Wind
    Builders
    • Construction Bot3 Con bot
    • Lazarus2 Lazarus
    Army
    • Sentry4 Sentry
    • Rocketeer18 Rocketeer
    • Tick2 Tick
    • Centurion1 Centurion
    Other
    • Radar Tower1 Radar Tower

    Some games also: con turret (35%) · pawn (31%)

    By 5:00 in all: 5 mex · 5 wind

    The example game in this phase · 42 steps
    1. TickTickfor Pond
    2. Construction BotCon bot
    3. SentrySentry
    4. Construction BotCon bot
    5. Mex
    6. LazarusLazarus
    7. Mex
    8. CenturionCenturion
    9. BeamerBeamer
    10. Mex
    11. SentrySentry
    12. Construction BotCon bot
    13. Mex
    14. BeamerBeamer
    15. LazarusLazarus
    16. Radar TowerRadar Tower
    17. Construction BotCon bot
    18. Wind
    19. Mex
    20. Wind
    21. SentrySentry
    22. Wind
    23. CenturionCenturion
    24. SentrySentry
    25. Wind
    26. Energy storage
    27. RocketeerRocketeer
    28. BeamerBeamer
    29. RocketeerRocketeer ×2
    30. Wind
    31. RocketeerRocketeer
    32. BeamerBeamer
    33. RocketeerRocketeer
    34. Wind
    35. Con turret
    36. TickTick
    37. Wind
    38. LazarusLazarus
    39. BeamerBeamer
    40. Wind ×2
    41. BeamerBeamer
    42. Wind
  3. 3

    5:00 to 10:00

    Economy
    • Metal Extractor1Mex
    • Wind Turbine17Wind
    Builders
    • Construction Turret2 Con turret
    • Lazarus2 Lazarus
    • Construction Bot1 Con bot
    Army
    • Sentry1 Sentry
    • Rocketeer8 Rocketeer
    • Pawn1 Pawn

    Some games also: tick (48%) · Radar Tower (47%) · energy storage (46%) · centurion (45%) · Beamer (38%)

    By 10:00 in all: 6 mex · 23 wind · 1 energy storage · 3 con turret

    The example game in this phase · 92 steps
    1. Wind ×2
    2. GauntletGauntletnot finished by 15:00
    3. Wind
    4. RocketeerRocketeer
    5. Wind
    6. CenturionCenturion
    7. Wind
    8. CenturionCenturion
    9. Wind
    10. CenturionCenturion
    11. Wind
    12. LazarusLazarus
    13. CenturionCenturion
    14. Wind
    15. CenturionCenturion
    16. Wind
    17. Converter
    18. LazarusLazarus
    19. Wind
    20. Converter
    21. Wind
    22. PawnPawn
    23. Converter
    24. PawnPawn
    25. Wind
    26. Converter
    27. PawnPawn
    28. Wind
    29. Con turret
    30. PawnPawn
    31. Wind
    32. PawnPawn
    33. Wind
    34. PawnPawn
    35. BeamerBeamer
    36. PawnPawn
    37. Wind
    38. LazarusLazarus
    39. BeamerBeamer
    40. PawnPawn
    41. Wind ×2
    42. PawnPawn
    43. Wind
    44. BeamerBeamer
    45. PawnPawn
    46. Wind
    47. PawnPawn
    48. Wind
    49. PawnPawn ×3
    50. LazarusLazarus
    51. Dragon's TeethDragon's Teeth
    52. Advanced Metal ExtractorT2 mexdone 10:08 · typical 9:37
    53. Dragon's TeethDragon's Teeth ×11
    54. PawnPawn
    55. Dragon's TeethDragon's Teeth
    56. PawnPawn
    57. Advanced Metal ExtractorT2 mex
    58. PawnPawn
    59. BeamerBeamer
    60. Advanced Metal ExtractorT2 mex
    61. PawnPawn ×4
    62. LazarusLazarus
    63. PawnPawn ×4
    64. Advanced Metal ExtractorT2 mex
    65. PawnPawn ×3
    66. LazarusLazarus
    67. PawnPawn ×7
    68. LazarusLazarus
    69. Advanced Metal ExtractorT2 mex
    70. PawnPawn ×7
    71. LazarusLazarus
    72. PawnPawn
    73. BeamerBeamer
    74. RattlesnakeRattlesnakedone 14:29
    75. PawnPawn ×6
    76. LazarusLazarus
    77. PawnPawn
    78. Con turret
    79. PawnPawn ×6
    80. Con turret
    81. LazarusLazarus
    82. PawnPawn ×6
    83. Fortification WallFortification Wall
    84. PawnPawn
    85. Fortification WallFortification Wall
    86. LazarusLazarus
    87. Fortification WallFortification Wall ×2
    88. PawnPawn
    89. Fortification WallFortification Wall
    90. PawnPawn
    91. Fortification WallFortification Wall
    92. PawnPawn

Counts are medians over the build's games: half of them build more, half fewer. The example game is Soliloqueur's (43 OS, 21/09/2026); pick another.

Team trades

IN AT LEAST 30% OF ITS GAMES

You hand over

Nothing regular.

You get

  • Tidal Generator4 Tidal from Pondfirst at 0:10 · in 69% of games
  • Advanced Construction Bot1 T2 con bot from Geo or Techfirst at 7:30 · in 58% of games

How it plays out

Typical game of this build, running totals by minute

Metal produced

010k20k30k
0:005:0010:0015:00

metal

Enemy metal destroyed

05k10k
0:005:0010:0015:00

metal

Own metal lost

05k10k
0:005:0010:0015:00

metal

1411 games.

Show as table
ByMetal produced: This buildEnemy metal destroyed: This buildOwn metal lost: This build
1:0022600
2:0088900
3:002056172106
4:003161660486
5:00423614131020
6:00543023271785
7:00666131792732
8:00791040353631
9:00929848164516
10:001068854265336
11:001224158986080
12:001402465176842
13:001604270137523
14:001796976808336
15:002029783029228
WHAT THE NUMBERS SAY

Standard suicide front play wins slightly more than half its games with fast kills but also fast losses, matching the raw grind of the role.

  • + First kill lands by 2:04 in all games
  • + Metal produced reaches 19882 by 15:00
  • − Own metal lost hits 9208 by 15:00, near metal destroyed of 8172
  • − First unit lost as early as 2:08 in every game
THE EXAMPLE YOU ARE READING

Soliloqueur

42.8 OS · 21/09/2026

Open source match ↗

6 received units · includes a constructor
24 metal received · 32867 energy received

Allied construction assistance is unknown. Timings are observations, not a promise of solo reproducibility.

Typical milestones

Bot Lab0:20Middle 50%: 0:20–0:33 · n=1405
Advanced Metal Extractor9:37Middle 50%: 8:41–10:48 · n=1035

Played most by

_X_252games of this buildPlatinumBlonde166games of this buildXad109games of this buildImmort62games of this buildwatermeloans58games of this build